 Dungeon Crawl Stone Soup version 0.31-a0-654-gbe3e110b4e (webtiles) character file.

Game seed: 13984835068724729852

44 AiryTheDragon the Stinger (level 3, -1/25 HPs)
             Began as a Demonspawn Venom Mage on Aug 29, 2023.
             Slain by a gnoll
             ... wielding a +0 spear
              (5 damage)
             ... on level 2 of the Dungeon on Aug 30, 2023.
             The game lasted 00:23:01 (1606 turns).

AiryTheDragon the Stinger (Demonspawn Venom Mage)   Turns: 1606, Time: 00:23:01

Health: -1/25      AC:  5    Str: 10    XL:     3   Next: 39%
Magic:  3/6        EV: 11    Int: 16    God:
Gold:   60         SH:  0    Dex: 13    Spells: 5/6 levels left

rFire   . . .        l - +0 short sword
rCold   . . .        (no shield)
rNeg    . . .        n - +0 leather armour
rPois   .            (no helmet)
rElec   .            (no cloak)
rCorr   .            (no gloves)
SInv    .            (no boots)
Will    +....        (no amulet)
Stlth   ++           (no ring)
HPRegen 0.24/turn    (no ring)
MPRegen 0.10/turn

%: no passive effects
@: lethally poisoned (-1 -> -3), enlightened, flying
A: rugged brown scales 2
a: no special abilities


You were on level 2 of the Dungeon.
You visited 1 branch of the dungeon, and saw 2 of its levels.

You collected 60 gold pieces.

Inventory:

Hand Weapons
 f - a +0 dagger
 l - a +0 short sword (weapon)
Missiles
 i - 2 boomerangs
Armour
 a - a +0 robe
 n - a +0 leather armour (worn)
Talismans
 e - a blade talisman
 m - a flux talisman
Scrolls
 k - a scroll of fog {unknown}
Potions
 b - a potion of magic
 c - a potion of brilliance {unknown}
 d - a potion of enlightenment
 g - a potion of lignification {unknown}
 h - a potion of mutation {unknown}
 j - a potion of attraction {unknown}


   Skills:
 + Level 0.2 Short Blades
 + Level 1.9 Dodging
 + Level 1.8 Stealth
 + Level 2.3 Spellcasting
 + Level 1.2 Transmutations
 + Level 3.6 Poison Magic
 * Level 0.6 Shapeshifting


You had 5 spell levels left.
You knew the following spells:

 Your Spells              Type           Power      Damage    Failure   Level
a - Sting                 Tmut/Pois      36%        1d4       10%         1

Your spell library contained the following spells:

 Spells                   Type           Power      Damage    Failure   Level
 Poisonous Vapours        Pois/Air       14%        N/A       21%         2
 Mephitic Cloud           Conj/Pois/Air  5%         N/A       45%         3
 Olgreb's Toxic Radiance  Pois           13%        N/A       52%         4


Dungeon Overview and Level Annotations

Branches:
Dungeon (2/15)

Altars:


Innate Abilities, Weirdness & Mutations

You are mostly covered in rugged brown scales. (AC +2, +5% HP)


Message History

A goblin comes into view. It is wielding a +0 club.
Casting: Sting (safe; 11% risk of failure)
Confirm with . or Enter, or press ? or * to list all spells.
Aiming: Sting (safe; 11% risk of failure)
Press: ? - help, Shift-Dir - straight line, f - adder
Aim: an adder (48% to hit)
The sting hits the adder.
The adder is poisoned.
The adder is moderately wounded.
Found 5 boomerangs.
Casting: Sting (safe; 11% risk of failure)
Confirm with . or Enter, or press ? or * to list all spells.
Aiming: Sting (safe; 11% risk of failure)
Press: ? - help, Shift-Dir - straight line, f/p - adder
Aim: an adder (moderately wounded, poisoned, 48% to hit)
The sting hits the adder but does no damage.
The adder looks even sicker.
The adder is moderately wounded.
The adder barely misses you.
Casting: Sting (safe; 11% risk of failure)
Confirm with . or Enter, or press ? or * to list all spells.
Aiming: Sting (safe; 11% risk of failure)
Press: ? - help, Shift-Dir - straight line, f/p - adder
Aim: an adder (moderately wounded, very poisoned, 48% to hit)
The sting hits the adder.
The adder looks even sicker.
The adder is heavily wounded.
The gnoll hits you from afar with a +0 spear.
The adder bites you.
You are poisoned.
The adder poisons you!
The gnoll hits you from afar with a +0 spear.
You feel sick.
You kill the adder!
It was a potion of enlightenment.
You feel very buoyant.
You fly up into the air.
You feel sick.
The gnoll hits you from afar with a +0 spear.
* * * LOW HITPOINT WARNING * * *
You feel sick.
The gnoll hits you from afar with a +0 spear.
You die...

### #.# #(#
#.# #.######
#######......
..........#
#@# #.# ###.
#g# ....
#######g#..#
.......g...#
####....gg##
#.##.#.... #.
......... .
......>#.


You could see 3 gnolls and a goblin.

Vanquished Creatures
  An adder (D:2)
  2 bats (D:1)
  7 endoplasms
  2 giant cockroaches (D:1)
  3 hobgoblins (D:1)
  A jackal (D:1)
  2 quokkas (D:1)
  4 ball pythons (D:1)
  3 frilled lizards (D:1)
  2 goblins (D:1)
  3 kobolds (D:1)
  2 rats (D:1)
32 creatures vanquished.

Notes
Turn   | Place    | Note
-------+----------+-------------------------------------------
     0 | D:1      | AiryTheDragon the Demonspawn Venom Mage began the quest for
                  | the Orb.
     0 | D:1      | Reached XP level 1. HP: 13/13 MP: 3/3
   298 | D:1      | Reached skill level 1 in Transmutations
   440 | D:1      | Gained mutation: You are partially covered in rugged brown
                  | scales. (AC +1, +3% HP) [demonic ancestry]
   440 | D:1      | Reached XP level 2. HP: 13/19 MP: 0/5
  1335 | D:1      | Gained mutation: You are mostly covered in rugged brown
                  | scales. (AC +2, +5% HP) [demonic ancestry]
  1335 | D:1      | Reached XP level 3. HP: 18/25 MP: 6/6
  1606 | D:2      | Slain by a gnoll

Illustrated notes

Levels and vault maps discovered:
D:1:      dpeg_cavernosity, layout_basic
D:2:      layout_basic, serial_shops, shop, minmay_split_cup_large

Skill      XL: |  1 |
---------------+----+-----
Transmutations | 1 |  1.2
Short Blades   | |  0.2
Dodging        | |  1.9
Stealth        | |  1.8
Spellcasting   | |  2.3
Poison Magic   | |  3.6
Shapeshifting  | |  0.6

Action                     || total
---------------------------++-------
  Melee: Unarmed           ||    17
         Dagger            ||    24
         Punch             ||     1
         Short sword       ||    19
   Cast: Sting             ||    38
    Use: Potion            ||     1
   Stab: Sleeping          ||     6
 Armour: Robe              ||    15
         Leather armour    ||     2
  Dodge: Dodged            ||    43
         Form:             ||     2
         Flux              ||     2

Table legend: (Time is in decaauts)
 A = Elapsed time spent in this place.
 B = Non-inter-level travel time spent in this place.
 C = Inter-level travel time spent in this place.
 D = Time resting spent in this place.
 E = Time spent auto-exploring this place.
 F = Levels seen in this place.
 G = Mean time per level.
                   A        B        C        D        E       F      G
               +--------+--------+--------+--------+--------+-----+--------+
         Total |   1605 |   1547 |     58 |      0 |   1301 |   2 |  802.5 |
       Dungeon |   1605 |   1547 |     58 |      0 |   1301 |   2 |  802.5 |
               +--------+--------+--------+--------+--------+-----+--------+

Top non-repeatable levels by time:
     D:1: 1593 daAuts
     D:2: 11 daAuts
